 Dungeon Crawl Stone Soup version 0.22.0 (webtiles) character file.

32 Arexsocan the Conjurer (level 3, -1/28 HPs)
             Began as a Draconian Conjurer on Sept 2, 2018.
             Slain by a gnoll
             ... wielding a +0 flail
              (4 damage)
             ... on level 1 of the Dungeon.
             The game lasted 00:04:20 (733 turns).

Arexsocan the Conjurer (Draconian Conjurer)          Turns: 733, Time: 00:04:20

Health: -1/28      AC:  9    Str: 10    XL:     3   Next: 8%
Magic:  0/6        EV: 12    Int: 16    God:
Gold:   25         SH:  0    Dex: 11    Spells: 5/6 levels left

rFire    . . .     SeeInvis .   f - +1 dagger (elec)
rCold    . . .     Gourm    .   (no shield)
rNeg     + . .     Faith    .   (armour unavailable)
rPois    .         Spirit   .   (helmet restricted)
rElec    .         Reflect  .   (no cloak)
rCorr    .         Harm     .   (no gloves)
MR       .....                  g - +0 pair of boots
Stlth    ++........             (no amulet)
HPRegen  0.09/turn              k - ring of positive energy
MPRegen  0.10/turn              m - +3 ring of protection

@: no status effects
A: unfitting armour, cold-blooded, AC +5
a: no special abilities


You were on level 1 of the Dungeon.
You were not hungry.

You visited 1 branch of the dungeon, and saw 2 of its levels.

You collected 25 gold pieces.

Inventory:

Hand Weapons
 f - a +1 dagger of electrocution (weapon)
Armour
 g - a +0 pair of boots (worn)
Jewellery
 k - a ring of positive energy (left hand)
 m - a +3 ring of protection (right hand)
Scrolls
 c - a scroll of noise {unknown}
 e - 2 scrolls of identify {unknown}
 j - 2 scrolls of remove curse {unknown}
 l - a scroll of immolation {unknown}
 n - 2 scrolls of teleportation {unknown}
Potions
 a - a potion of heal wounds {unknown}
 d - 4 potions of curing {unknown}
 h - 2 potions of berserk rage {unknown}
 i - a potion of might {unknown}
Comestibles
 b - 2 rations


   Skills:
 * Level 1.1 Fighting
 * Level 0.3 Short Blades
 + Level 1.9 Dodging
 + Level 1.9 Stealth
 * Level 2.1 Spellcasting
 + Level 4.5 Conjurations


You had 5 spell levels left.
You knew the following spells:

 Your Spells              Type           Power        Failure   Level  Hunger
a - Magic Dart            Conj           ###.         3%          1    #......

Your spell library contained the following spells:

 Spells                   Type           Power        Failure   Level  Hunger
 Iskenderun's Mystic Bla  Conj           ###.....     32%         4    #####..
 Fulminant Prism          Conj/Hex       #.........   63%         4    #####..
 Dazzling Spray           Conj/Hex       #.....       24%         3    ###....
 Force Lance              Conj/Tloc      #.......     63%         4    #####..
 Searing Ray              Conj           ###...       4%          2    ###....


Dungeon Overview and Level Annotations

Branches:
Dungeon (2/15)

Altars:


Innate Abilities, Weirdness & Mutations

Your plain brown scales are hard. (AC +5)
You cannot fit into any form of body armour.
You are cold-blooded and may be slowed by cold attacks.


Message History

You barely miss the gnoll. You tail-slap the gnoll.
The gnoll is moderately wounded.
The gnoll closely misses you.
You completely miss the gnoll.
The gnoll is moderately wounded.
The gnoll hits you but does no damage.
Casting: Magic Dart (safe; 3% risk of failure)
Confirm with . or Enter, or press ? or * to list all spells.
Aiming: Magic Dart (safe; 3% risk of failure)
Press: ? - help, Shift-Dir - straight line, f/p - gnoll
Aim: a gnoll, wielding a flail (moderately wounded)
The magic dart hits the gnoll.
The gnoll is moderately wounded.
The gnoll completely misses you.
You hit the gnoll.
The gnoll is heavily wounded.
You barely miss the gnoll.
The gnoll is heavily wounded.
The gnoll hits you with a flail.
You die...

#..###.######...# #..#
#.# ##..# #..# #.#
######## #..# #.#
#.....# #..###.# #..<..#
.......# #.....###
##########.###.#.#
#....#.#†#.#>##########
#.####.###.#@.........#
##.####.....#g)#######.#
#.....#.....#..# #.#
#.#####.....#..# #.#
####.# ###'###..# #.#
.....#
#...###..#######.#
####.#
#................#
#.#####.#####..#######.#
#.......# #..# #.#


You could see a gnoll.

Vanquished Creatures
  A gnoll (D:1)
  A dart slug (D:1)
  2 leopard geckos (D:1)
  A bat (D:1)
  4 goblins (D:1)
  2 hobgoblins (D:1)
  2 jackals (D:1)
  A ball python (D:1)
  A kobold (D:1)
  2 rats (D:1)
17 creatures vanquished.

Notes
Turn   | Place    | Note
-------+----------+-------------------------------------------
     0 | D:1      | Arexsocan the Draconian Conjurer began the quest for the Orb.
     0 | D:1      | Reached XP level 1. HP: 14/14 MP: 3/3
   226 | D:1      | Reached XP level 2. HP: 22/22 MP: 0/5
   549 | D:1      | Reached skill level 1 in Fighting
   724 | D:1      | Reached XP level 3. HP: 18/28 MP: 1/6
   733 | D:1      | Slain by a gnoll

Skill      XL: |  1  2 |
---------------+-------+-----
Fighting       | 1 |  1.1
Short Blades   | |  0.3
Dodging        | |  1.9
Stealth        | |  1.9
Spellcasting   | |  2.1
Conjurations   | |  4.5

Action                   || total
-------------------------++-------
Melee: Unarmed           ||     9
       Dagger            ||    30
       Tailslap          ||     5
 Cast: Magic Dart        ||    21
 Stab: Sleeping          ||     3
Armor: Skin              ||     8
Dodge: Dodged            ||    29
